 Dungeon Crawl Stone Soup version 0.27-a0-1184-ge86db4a01e (webtiles) character file.

Game seed: 2288929146898844951

415 leviel the Chopper (level 6, -1/51 HPs)
             Began as a Minotaur Fighter on May 18, 2021.
             Was an Initiate of Lugonu.
             Slain by an ogre
             ... wielding a +0 giant club
              (11 damage)
             ... on level 5 of the Dungeon.
             The game lasted 00:04:40 (4405 turns).

leviel the Chopper (Minotaur Fighter)               Turns: 4405, Time: 00:04:41

Health: -1/51      AC:  8    Str: 23    XL:     6   Next: 60%
Magic:  4/5        EV:  7    Int:  5    God:    Lugonu [......]
Gold:   109        SH:  9    Dex:  9    Spells: 5/5 levels left

rFire    . . .     SeeInvis .   a - +1 war axe (flame)
rCold    . . .     Faith    .   c - +0 kite shield
rNeg     . . .     Spirit   .   b - +0 scale mail
rPois    .         Reflect  .   (helmet restricted)
rElec    .         Harm     .   (no cloak)
rCorr    .         Rampage  .   k - +0 pair of gloves
Will     .....                  (no boots)
Stlth    ..........             (no amulet)
HPRegen  0.17/turn              (no ring)
MPRegen  0.09/turn              (no ring)

@: no status effects
A: horns 2, retaliatory headbutt, frail 1, subdued magic 1
a: Renounce Religion


You were on level 5 of the Dungeon.
You worshipped Lugonu.
Lugonu was noncommittal.
You visited 1 branch of the dungeon, and saw 5 of its levels.
You visited the Abyss 1 time.

You collected 109 gold pieces.

Inventory:

Hand Weapons
 a - a +1 war axe of flaming (weapon)
Missiles
 d - 11 poisoned darts (quivered)
Armour
 b - a +0 scale mail (worn)
 c - a +0 kite shield (worn)
 k - a +0 pair of gloves (worn)
Jewellery
 m - a +6 ring of intelligence
Wands
 n - a wand of acid (8)
Scrolls
 h - a scroll of fear {unknown}
 j - 3 scrolls of identify {unknown}
Potions
 e - a potion of flight {unknown}
 f - a potion of lignification
 g - a potion of mutation
 l - a potion of curing {unknown}


   Skills:
 + Level 5.9 Fighting
 * Level 7.2 Axes
 - Level 3.6 Armour
 - Level 3.6 Shields


You had 5 spell levels left.
You didn't know any spells.
Your spell library was empty.

Dungeon Overview and Level Annotations

Branches:
Dungeon (5/15)
 Temple: D:4-7

Altars:

Annotations:
D:5 Edmund


Innate Abilities, Weirdness & Mutations

You have a pair of horns on your head.
You reflexively headbutt those who attack you in melee.
You are frail. (-10% HP)
Your spells are a little easier to cast, but a little less powerful.


Message History

You start resting.
Your transformation is almost over.
You start resting.
You feel less wooden.
Your +0 pair of gloves unmelds from your body.
Your +0 scale mail unmelds from your body.
You start resting.
A large abomination comes into view.
A large abomination is nearby!
A neqoxec comes into view.
The neqoxec shouts!
Found a short sword.
The neqoxec gestures at you.
Strange energies course through your body.
You feel frail. The neqoxec gestures at you.
Strange energies course through your body.
Your connection to magic feels subdued.
Found a scroll labelled XOCORI EGIPSE.
A tentacled starspawn comes into view.
A tentacle flies out from the starspawn's body!
A starspawn tentacle comes into view.
Found a corrupted altar of Lugonu.
Tentacles burst from the starspawn's body! 2 starspawn tentacles come into view.
The starspawn tentacle grabs you.
* * * LOW HITPOINT WARNING * * *
The starspawn tentacle constricts you.
You escape the starspawn tentacle's grasp.
You block the starspawn tentacle's attack.
There is a corrupted altar of Lugonu here.
You kneel at the altar of Lugonu.
Lugonu welcomes you!
You can now depart the Abyss.
You pass through the gate.
Welcome back to the Dungeon!
Level annotation: Edmund You can no longer depart the Abyss at will.
You block Edmund's attack. The ogre hits you with a +0 giant club!
You die...

#.#########
..........#
+.....<..#
#........#
#......@.#
#......O@#
#........#
####.....#
.......!#
..#.....#
.........
.#.#.....
........


You could see Edmund and an ogre.

Vanquished Creatures
  2 phantoms
  A water moccasin skeleton (D:4)
  An orc priest (D:4)
  Ijyb (D:3)
  A hound skeleton (D:4)
  Robin (D:4)
  4 gnolls
  3 adders
  3 dart slugs
  6 orcs
  2 bats
  4 endoplasms
  2 giant cockroaches (D:3)
  12 goblins
  10 hobgoblins
  2 quokkas
  6 ball pythons
  2 frilled lizards
  4 kobolds
  3 rats
70 creatures vanquished.

Vanquished Creatures (others)
  4 starspawn tentacles (Abyss:1)
4 creatures vanquished.

Grand Total: 74 creatures vanquished

Notes
Turn   | Place    | Note
-------+----------+-------------------------------------------
     0 | D:1      | leviel the Minotaur Fighter began the quest for the Orb.
     0 | D:1      | Reached XP level 1. HP: 19/19 MP: 0/0
   387 | D:1      | Reached skill level 3 in Axes
   388 | D:1      | Reached XP level 2. HP: 27/27 MP: 1/1
  1376 | D:2      | Found a faded altar of an unknown god.
  1396 | D:2      | Reached XP level 3. HP: 30/33 MP: 2/2
  1855 | D:3      | Noticed Ijyb
  1865 | D:3      | Killed Ijyb
  1866 | D:3      | Reached skill level 4 in Axes
  2215 | D:3      | Reached XP level 4. HP: 41/41 MP: 3/3
  3124 | D:4      | Reached skill level 5 in Fighting
  3124 | D:4      | Reached skill level 5 in Axes
  3124 | D:4      | Reached XP level 5. HP: 45/48 MP: 4/4
  3522 | D:4      | Noticed Robin
  3529 | D:4      | Killed Robin
  3598 | D:4      | Reached skill level 6 in Axes
  3681 | D:4      | Noticed a phantom
  4058 | D:4      | Killed a phantom
  4059 | D:4      | Reached XP level 6. HP: 44/57 MP: 5/5
  4311 | D:5      | Entered Level 5 of the Dungeon
  4323 | D:5      | Noticed Edmund
  4341 | D:5      | Reached skill level 7 in Axes
  4346 | D:5      | HP: 3/85 [ogre/+0 giant club (5)]
  4347 | D:5      | Gained mutation: Your spells are a little harder to cast,
                  | but a little more powerful. [potion of mutation]
  4347 | D:5      | Lost mutation: Your spells are a little harder to cast, but
                  | a little more powerful. [potion of mutation]
  4347 | D:5      | HP: 1/85 [Edmund/+3 flail of distortion (3)]
  4348 | D:5      | Cast into level 1 of the Abyss (Edmund)
  4379 | Abyss:1  | Noticed a large abomination
  4381 | Abyss:1  | Noticed a neqoxec
  4383 | Abyss:1  | Gained mutation: You are frail. (-10% HP) [a neqoxec]
  4391 | Abyss:1  | Gained mutation: Your spells are a little easier to cast,
                  | but a little less powerful. [a neqoxec]
  4394 | Abyss:1  | Noticed a tentacled starspawn
  4397 | Abyss:1  | Found a corrupted altar of Lugonu.
  4404 | Abyss:1  | Became a worshipper of Lugonu the Unformed
  4404 | Abyss:1  | Reached * piety under Lugonu
  4405 | D:5      | Escaped the Abyss
  4405 | D:5      | Slain by an ogre

Illustrated notes

Levels and vault maps discovered:
D:1:      scummos_arrival_star, layout_basic, minmay_misc_feat_more_columns
D:2:      layout_basic, chequers_ecumenical_altar_simple
D:3:      layout_basic, uniq_ijyb
D:4:      layout_cave_pools, uniq_robin
D:5:      gammafunk_steamed_eel, layout_gridville,
          minmay_temple_entry_sparse_star, gammafunk_ghost_nasty_kobolds,
          serial_co_window_serial, co_window_of_opportunity_a,
          co_window_corner_a, co_window_cross_1, co_window_corner_a,
          co_window_paths_a, co_window_paths_a, co_window_of_opportunity_a,
          co_window_cross_2, co_window_broadway_c, co_window_broadway_c,
          co_window_paths_c, co_window_cross_3, co_window_paths_e,
          glass_columns_a, glass_columns_a, uniq_edmund

Skill      XL: |  1  2  3  4  5  6 |
---------------+-------------------+-----
Axes           | 3 4 5 6 7 |  7.2
Fighting       | 4 5 |  5.9
Armour         | |  3.6
Shields        | |  3.6

Action                   |  1- 3 |  4- 6 || total
-------------------------+-------+-------++-------
Melee: War axe           |    47 |    92 ||   139
       Headbutt          |    11 |    16 ||    27
Throw: Dart              |       |     8 ||     8
Invok: Depart the Abyss  |       |     1 ||     1
  Use: Potion            |     1 |     6 ||     7
       Scroll            |       |     6 ||     6
Armor: Scale mail        |    24 |    33 ||    57
       Skin              |       |    18 ||    18
Dodge: Dodged            |    24 |    24 ||    48
Block: Kite shield       |    18 |    50 ||    68

Table legend: (Time is in decaauts)
 A = Elapsed time spent in this place.
 B = Non-inter-level travel time spent in this place.
 C = Inter-level travel time spent in this place.
 D = Time resting spent in this place.
 E = Time spent auto-exploring this place.
 F = Levels seen in this place.
 G = Mean time per level.
                   A        B        C        D        E       F      G
               +--------+--------+--------+--------+--------+-----+--------+
         Total |   4473 |   4327 |    146 |    858 |   2961 |   6 |  745.5 |
       Dungeon |   4416 |   4270 |    146 |    828 |   2961 |   5 |  883.2 |
         Abyss |     57 |     57 |      0 |     30 |      0 |   1 |   57.0 |
               +--------+--------+--------+--------+--------+-----+--------+

Top non-repeatable levels by time:
     D:3: 1781 daAuts
     D:2: 955 daAuts
     D:1: 910 daAuts
     D:4: 728 daAuts
 Abyss:1: 57 daAuts
     D:5: 42 daAuts
